 Dungeon Crawl Stone Soup version 0.30.1-3-gfc49f6343a (webtiles) character file.

Game seed: 10756895577657024363

1210 shmup the Arsonist (level 8, -19/41 HPs)
             Began as a Tengu Fire Elementalist on July 26, 2023.
             Was an Initiate of Gozag.
             Killed by an exploding Menkaure (26 damage)
             ... ignited by their inner flame
             ... on level 5 of the Dungeon.
             The game lasted 00:14:01 (6704 turns).

shmup the Arsonist (Tengu Fire Elementalist)        Turns: 6704, Time: 00:14:02

Health: -19/41     AC:  4    Str:  9    XL:     8   Next: 45%
Magic:  8/12       EV: 14    Int: 17    God:    Gozag
Gold:   474        SH:  5    Dex: 15    Spells: 5/11 levels left

rFire   . . .        m - +0 dagger
rCold   . . .        (no shield)
rNeg    . . .        a - +0 robe
rPois   .            (helmet restricted)
rElec   .            y - +1 cloak
rCorr   .            (no gloves)
SInv    .            (boots unavailable)
Will    +....        j - amulet of reflection
Stlth   ++           h - ring of willpower
HPRegen 0.26/turn    (no ring)
MPRegen 0.13/turn

%: reflection
@: gold aura, flying quickly and evasively, quick
A: beak, talons 3, nimble flight
a: Renounce Religion, Potion Petition, Call Merchant, Bribe Branch


You were on level 5 of the Dungeon.
You worshipped Gozag.
Gozag was aware of your devotion.
You visited 2 branches of the dungeon, and saw 6 of its levels.

You collected 511 gold pieces.
You paid 37 gold pieces to Gozag.

Inventory:

Hand Weapons
 m - a +0 dagger (weapon)
 v - a +2 sling of electrocution
Missiles
 e - 15 stones
 t - 14 poisoned darts
Armour
 a - a +0 robe (worn)
 y - a +1 cloak (worn)
 C - the +3 leather armour "Buuv" {*Slow Slay+2 SInv}
   (You found it on level 3 of the Dungeon)

   Slay:      It affects your accuracy & damage with ranged weapons and melee
   (+2).
   SInv:      It lets you see invisible.
   *Slow:     It may slow you when you take damage.
Magical Staves
 r - a staff of death
Jewellery
 h - a ring of willpower (left hand)
 j - an amulet of reflection (around neck)
Wands
 H - a wand of charming (5)
Scrolls
 c - a scroll of immolation
 g - a scroll of fear
 i - a scroll of poison {unknown}
 l - a scroll of butterflies {unknown}
 o - a scroll of enchant armour {unknown}
 p - a scroll of magic mapping {unknown}
 u - a scroll of vulnerability {unknown}
 w - a scroll of acquirement {unknown}
 x - a scroll of amnesia {unknown}
 A - a scroll of torment {unknown}
 E - a scroll of enchant weapon {unknown}
 G - 2 scrolls of brand weapon {unknown}
Potions
 b - 2 potions of magic
 d - 3 potions of heal wounds {unknown}
 f - a potion of cancellation {unknown}
 k - a potion of invisibility {unknown}
 n - a potion of attraction {unknown}
 q - 6 potions of curing
 s - 2 potions of brilliance
 z - a potion of ambrosia {unknown}
 B - a potion of might {unknown}
 D - 2 potions of lignification {unknown}
 F - a potion of degeneration {unknown}
 I - a potion of haste {unknown}


   Skills:
 - Level 2.1 Dodging
 - Level 2.0 Stealth
 - Level 2.0 Spellcasting
 + Level 7.4 Conjurations
 * Level 9.5 Fire Magic


You had 5 spell levels left.
You knew the following spells:

 Your Spells              Type           Power      Damage    Failure   Level
a - Foxfire               Conj/Fire      100%       2x1d9     1%          1
b - Scorch                Fire           68%        2d8       1%          2
c - Inner Flame           Hex/Fire       17%        N/A       9%          3

Your spell library contained the following spells:

 Spells                   Type           Power      Damage    Failure   Level
 Flame Wave               Conj/Fire      30%        2d9       6%          4
 Volatile Blastmotes      Fire/Tloc      34%        2d12      9%          3
 Summon Forest            Summ/Tloc      0%         N/A       99%         5
 Summon Mana Viper        Hex/Summ       1%         N/A       99%         5
 Summon Cactus Giant      Summ           0%         N/A       100%        6


Dungeon Overview and Level Annotations

Branches:
Dungeon (5/15)             Temple (1/1) D:4

Altars:
Ashenzari
Cheibriados
Dithmenos
Elyvilon
Fedhas
Gozag
Hepliaklqana
Kikubaaqudgha
Makhleb
Nemelex Xobeh
Okawaru
Qazlal
Ru
Sif Muna
Trog
Uskayaw
Vehumet
Wu Jian
Xom
Yredelemnul
Zin
The Shining One


Innate Abilities, Weirdness & Mutations

You have a beak for a mouth.
You have claws for feet.
Your magical nature lets you fly swiftly and evasively.


Message History

You hit the iguana but do no damage. You claw the iguana, but do no damage.
Your peck misses the iguana.
The iguana is almost dead.
The iguana misses you.
You hit the iguana.
You kill the iguana!
You now have 474 gold pieces (gained 7).
HP restored.
Magic restored.
Found 2 stones.
Menkaure, Prince of Dust comes into view.
Menkaure shouts!
Menkaure casts a spell.
Menkaure seems to speed up.
Casting: Scorch (safe; 1% risk of failure)
Confirm with . or Enter, or press ? or * to list all spells.
Aiming: Inner Flame (dangerous; 9% risk of failure)
Press: ? - help, Dir - move target, f - Menkaure
Aim: Menkaure (fast, chance to affect: 71%) Menkaure is filled with an inner flame.
Menkaure calls on the powers of darkness!
Your body is wracked with pain!
* * * LOW HITPOINT WARNING * * *
Casting: Inner Flame (dangerous; 9% risk of failure)
Confirm with . or Enter, or press ? or * to list all spells.
Flames lash Menkaure.
Menkaure is burned terribly!
Flame seeps out of Menkaure.
Menkaure is moderately damaged.
Menkaure's fire resistance burns away.
Menkaure is engulfed in blazing flames.
Flame seeps out of Menkaure.
Unknown command.
Menkaure attacks as you move away! Menkaure hits you!
* * * LOW HITPOINT WARNING * * *
Menkaure attacks as you move away! Menkaure hits you!
* * * LOW HITPOINT WARNING * * *
You hit Menkaure.
Menkaure explodes!
The fiery explosion engulfs you!!
Ouch! That really hurt!
You die...
Your body crumbles into a pile of gold.

▒..▒.▒▒.▒ ▒▒.....▒▒ ▒
▒.▒.▒.▒.▒ ▒▒.......▒▒ ▒▒
▒.▒.....▒▒▒[........▒▒▒▒.
▒.▒.......'....(....'....
▒.▒▒....▒▒▒.........▒▒▒▒.
▒.▒▒..▒.▒ ▒▒......)▒▒ ▒▒
▒▒.▒▒.▒▒.▒▒ ▒▒.....▒▒ ▒
▒..[......▒ ▒▒...▒▒ ▒
▒.▒▒▒.▒▒▒Q▒ ▒▒'▒▒ ▒
▒.▒▒▒#▒▒▒▒▒▒.▒ ▒
▒...###......▒▒▒▒▒▒ ▒
▒▒▒▒▒.▒▒▒▒▒..▒▒...▒▒▒▒
.▒▒▒▒▒▒▒$▒ ▒▒..........▒
.M.......▒ ▒.......>▒▒.▒
▒▒▒▒▒▒▒▒▒▒ ▒▒...▒..▒▒▒.▒
▒▒.▒▒..▒▒▒<▒ ▒▒▒▒.......


There were no monsters in sight!

Vanquished Creatures
  Eustachio (D:4)
  Menkaure (D:5)
  2 phantoms (D:4)
  A scorpion (D:5)
  A water moccasin zombie (D:4)
  3 wights (D:5)
  4 hounds
  3 orc priests (D:4)
  An iguana (D:5)
  A sleepcap (D:4)
  Natasha (thrice) (D:2)
  2 scorpion zombies (D:4)
  2 orc wizards
  2 hound zombies (D:4)
  A hound skeleton (D:4)
  Robin (D:2)
  4 adders
  4 shadow imps
  2 worms
  2 dart slugs
  9 orcs
  A bat (D:3)
  7 endoplasms
  2 giant cockroaches
  11 goblins
  12 hobgoblins
  12 kobolds
  3 quokkas
  3 ball pythons (D:1)
  2 frilled lizards
  A quokka zombie (D:4)
  6 rats
110 creatures vanquished.

Vanquished Creatures (collateral kills)
  9 foxfires (D:4)
9 creatures vanquished.

Vanquished Creatures (others)
  228 foxfires
228 creatures vanquished.

Grand Total: 347 creatures vanquished

Notes
Turn   | Place    | Note
-------+----------+-------------------------------------------
     0 | D:1      | shmup the Tengu Fire Elementalist began the quest for the
                  | Orb.
     0 | D:1      | Reached XP level 1. HP: 10/10 MP: 4/4
   351 | D:1      | Reached XP level 2. HP: 15/15 MP: 1/6
   354 | D:1      | Learned a level 2 spell: Scorch
   620 | D:1      | Reached skill level 4 in Fire Magic
  1091 | D:2      | Reached XP level 3. HP: 19/19 MP: 5/7
  1161 | D:2      | Noticed Robin
  1293 | D:2      | Killed Robin
  1313 | D:2      | Reached XP level 4. HP: 24/24 MP: 0/8
  1409 | D:2      | Noticed Natasha
  1442 | D:2      | Killed Natasha
  1443 | D:2      | Reached skill level 5 in Fire Magic
  1501 | D:2      | Noticed Natasha
  1505 | D:2      | Killed Natasha
  1526 | D:2      | Noticed Natasha
  1530 | D:2      | Killed Natasha
  1531 | D:2      | Gained mutation: Your magical nature lets you fly swiftly
                  | and evasively. [Tengu growth]
  1531 | D:2      | Reached XP level 5. HP: 16/28 MP: 2/9
  2224 | D:3      | Found an opulent altar of Gozag.
  2557 | D:3      | Identified the +3 leather armour "Buuv" {*Slow Slay+2 SInv}
  2826 | D:3      | Became a worshipper of Gozag Ym Sagoz the Greedy
  2839 | D:4      | Reached skill level 6 in Fire Magic
  2847 | D:4      | Reached XP level 6. HP: 20/32 MP: 0/10
  3140 | D:4      | Reached skill level 5 in Conjurations
  3216 | D:4      | You are sucked into a shaft and drop 1 floor!
  3216 | D:5      | Entered Level 5 of the Dungeon
  3303 | D:5      | Reached skill level 7 in Fire Magic
  3303 | D:5      | Reached XP level 7. HP: 36/36 MP: 5/11
  3804 | D:4      | Noticed Eustachio
  3824 | D:4      | Killed Eustachio
  3825 | D:4      | Reached skill level 8 in Fire Magic
  4076 | D:4      | Found a transporter.
  4108 | D:4      | Found a staircase to the Ecumenical Temple.
  4329 | D:4      | Found a transporter.
  4858 | D:4      | Reached XP level 8. HP: 36/41 MP: 1/12
  4945 | Temple   | Entered the Ecumenical Temple
  6044 | D:5      | Reached skill level 9 in Fire Magic
  6146 | D:5      | Learned a level 3 spell: Inner Flame
  6692 | D:5      | Noticed Menkaure
  6704 | D:5      | Killed Menkaure
  6704 | D:5      | Killed by an exploding Menkaure... ignited by their inner
                  | flame

Illustrated notes

Levels and vault maps discovered:
D:1:      onia_arrival_mini_spirals, layout_loops_ring, nrook_uturn,
          chequers_arboretum
D:2:      layout_rooms, uniq_robin, uniq_natasha
D:3:      layout_loops_ring, nicolae_gozag_seed_capital, serial_bayou_crossing
D:4:      gammafunk_wand_slinger, layout_layer_cave,
          minmay_temple_entry_gardened_gates, serial_undead, serial_undead_c,
          serial_undead_d, serial_undead_d, serial_undead_b, uniq_eustachio
D:5:      layout_loops_corners, uniq_edmund, uniq_menkaure
Temple:   nicolae_temple_bog_church

Skill      XL: |  1  2  3  4  5  6  7  8 |
---------------+-------------------------+-----
Conjurations   | 2 3 4 5 6 7 |  7.4
Fire Magic     | 4 5 6 7 8 9 |  9.5
Dodging        | |  2.1
Stealth        | |  2.0
Spellcasting   | |  2.0

Action                     |  1- 3 |  4- 6 |  7- 9 || total
---------------------------+-------+-------+-------++-------
  Melee: Dagger            |       |     5 |    27 ||    32
         Peck              |       |     2 |     1 ||     3
         Kick              |       |     1 |     5 ||     6
   Cast: Foxfire           |    41 |    50 |    47 ||   138
         Scorch            |       |    18 |    66 ||    84
         Inner Flame       |       |       |     2 ||     2
    Use: Scroll            |       |     4 |       ||     4
         Potion            |       |       |     1 ||     1
 Armour: Robe              |     2 |       |    11 ||    13
  Dodge: Dodged            |    10 |     6 |    57 ||    73
  Block: Other             |       |     2 |    19 ||    21
         Reflection        |       |     1 |     1 ||     2
